 Dungeon Crawl Stone Soup version 0.28-a0-723-g095bd1b44f (webtiles) character file.

Game seed: 5614485558111158123

86 KoroneIsBestGirl the Chiller (level 4, -5/30 HPs)
             Began as a Barachi Ice Elementalist on Oct 25, 2021.
             Killed from afar by a white imp (9 damage)
             ... with a puff of frost
             ... on level 3 of the Dungeon.
             The game lasted 00:03:57 (2136 turns).

KoroneIsBestGirl the Chiller (BaIE)                 Turns: 2136, Time: 00:03:58

Health: -5/30      AC:  4    Str:  9    XL:     4   Next: 49%
Magic:  15/17      EV: 13    Int: 22    God:
Gold:   91         SH:  0    Dex: 13    Spells: 3/9 levels left

rFire   . . .      SeeInvis .   e - +0 short sword
rCold   . . .      Faith    .   (no shield)
rNeg    . . .      Spirit   .   a - +0 robe
rPois   .          Reflect  .   (no helmet)
rElec   .          Harm     .   (no cloak)
rCorr   .          Rampage  .   b - +1 pair of gloves
Will    .....                   (no boots)
Stlth   ++........              (no amulet)
HPRegen 0.10/turn               d - ring of magical power
MPRegen 0.15/turn               c - +6 ring of intelligence

@: freezing walls, slow
A: amphibious, slowness 1, strong legs 1, +LOS
a: Hop


You were on level 3 of the Dungeon.
You visited 1 branch of the dungeon, and saw 3 of its levels.

You collected 91 gold pieces.

Inventory:

Hand Weapons
 e - a +0 short sword (weapon)
Armour
 a - a +0 robe (worn)
 b - a +1 pair of gloves (worn)
Jewellery
 c - a +6 ring of intelligence (right hand)
 d - a ring of magical power (left hand)
Scrolls
 f - 3 scrolls of identify {unknown}
 h - a scroll of immolation {unknown}
 i - a scroll of teleportation {unknown}
Potions
 g - a potion of berserk rage {unknown}
 j - a potion of curing {unknown}
 k - 2 potions of resistance {unknown}


   Skills:
 + Level 3.4 Dodging
 - Level 1.7 Stealth
 + Level 3.2 Spellcasting
 + Level 5.6 Ice Magic


You had 3 spell levels left.
You knew the following spells:

 Your Spells              Type           Power      Damage    Failure   Level
a - Freeze                Ice            100%       1d11      1%          1
b - Poisonous Vapours     Pois/Air       6%         N/A       19%         2
c - Frozen Ramparts       Ice            56%        1d7       3%          3

Your spell library contained the following spells:

 Spells                   Type           Power      Damage    Failure   Level
 Ozocubu's Armour         Ice            28%        N/A       3%          3
 Sting                    Tmut/Pois      12%        1d3       12%         1
 Dazzling Flash           Conj/Hex       6%         N/A       36%         3
 Hailstorm                Conj/Ice       15%        3d5       36%         4
 Iskenderun's Mystic Bla  Conj/Tloc      3%         2d3       77%         4
 Olgreb's Toxic Radiance  Pois           3%         N/A       77%         4
 Starburst                Conj/Fire      1%         6d3       100%        6


Dungeon Overview and Level Annotations

Branches:
Dungeon (3/15)

Altars:
Elyvilon
Sif Muna


Innate Abilities, Weirdness & Mutations

You are amphibious.
You cover ground slowly.
You can hop short distances.
You have an extended range of vision and can be seen from far away.


Message History

The white imp closely misses you.
You closely miss the white imp.
The white imp is heavily wounded.
The white imp completely resists.
The wall freezes the white imp but does no damage.
The white imp gestures at you. The puff of frost misses you.
You barely miss the white imp.
The white imp is heavily wounded.
The white imp completely resists.
The wall freezes the white imp but does no damage.
The white imp hits you but does no damage.
You barely miss the white imp.
The white imp is heavily wounded.
The white imp completely resists.
The wall freezes the white imp but does no damage.
The white imp closely misses you.
You barely miss the white imp.
The white imp is heavily wounded.
The white imp completely resists.
The wall freezes the white imp but does no damage.
The white imp hits you.
* * * LOW HITPOINT WARNING * * *
The white imp freezes you.
* * * LOW HITPOINT WARNING * * *
You hit the white imp but do no damage.
The white imp is heavily wounded.
The white imp completely resists.
The wall freezes the white imp but does no damage.
The white imp hits you but does no damage.
The white imp completely resists.
The wall freezes the white imp but does no damage.
The white imp misses you.
You barely miss the white imp.
The white imp is heavily wounded.
The white imp completely resists.
The wall freezes the white imp but does no damage.
The white imp gestures at you. The puff of frost hits you!
You die...

#####...########.##.###.##.#..##
#.....### #....###.##...###
####...###########......##[.## #
###..........#..####.....####
######...###.####..........
##...##.....>..#.###..
##...###.#........#..
##...##....##..#....
##@..##......######
#∩#5..#####..###### ..#
#.:.#####......# #..
._.##.........# ##
####.......... ####........##
#..........### ##########....
#####


You could see a white imp.

Vanquished Creatures
  An orc priest (D:3)
  A worm (D:2)
  A dart slug (D:1)
  6 orcs
  An endoplasm (D:1)
  A giant cockroach (D:1)
  A goblin (D:2)
  5 hobgoblins
  2 jackals (D:2)
  4 kobolds
  5 quokkas
  A ball python (D:3)
  8 bats
  2 frilled lizards
  4 rats
43 creatures vanquished.

Notes
Turn   | Place    | Note
-------+----------+-------------------------------------------
     0 | D:1      | KoroneIsBestGirl the Barachi Ice Elementalist began the
                  | quest for the Orb.
     0 | D:1      | Reached XP level 1. HP: 13/13 MP: 3/3
   119 | D:1      | Reached skill level 5 in Ice Magic
   306 | D:1      | Reached XP level 2. HP: 19/19 MP: 1/5
   972 | D:2      | Reached XP level 3. HP: 24/24 MP: 7/7
  1351 | D:2      | Learned a level 2 spell: Poisonous Vapours
  1396 | D:2      | Found a white marble altar of Elyvilon.
  1755 | D:3      | Learned a level 3 spell: Frozen Ramparts
  1964 | D:3      | Reached XP level 4. HP: 30/30 MP: 8/8
  2119 | D:3      | Found a shimmering blue altar of Sif Muna.
  2136 | D:3      | Killed from afar by a white imp

Illustrated notes

Levels and vault maps discovered:
D:1:      lightli_arrival_isolated_outpost, layout_rooms
D:2:      layout_basic, basic_altar, minmay_misc_feat_encased,
          hangedman_abyss_or_decor_stabs, minmay_misc_feat_enclosed,
          minmay_misc_feat_doors, uniq_crazy_yiuf_cottage
D:3:      layout_rooms, nzn_overflow_gifts_of_might_and_magic,
          minmay_curled_crystal

Skill      XL: |  1  2  3 |
---------------+----------+-----
Ice Magic      | 5 |  5.6
Dodging        | 3 |  3.4
Spellcasting   | 3 |  3.2
Stealth        | |  1.7

Action                   |  1- 3 |  4- 6 || total
-------------------------+-------+-------++-------
Melee: Unarmed           |    20 |       ||    20
       Short sword       |     8 |    12 ||    20
 Cast: Freeze            |    61 |     2 ||    63
       Poisonous Vapours |     2 |       ||     2
       Frozen Ramparts   |     1 |     1 ||     2
 Abil: Hop               |     1 |       ||     1
  Use: Scroll            |     2 |       ||     2
Armor: Robe              |    25 |     6 ||    31
Dodge: Dodged            |    68 |    11 ||    79

Table legend: (Time is in decaauts)
 A = Elapsed time spent in this place.
 B = Non-inter-level travel time spent in this place.
 C = Inter-level travel time spent in this place.
 D = Time resting spent in this place.
 E = Time spent auto-exploring this place.
 F = Levels seen in this place.
 G = Mean time per level.
                   A        B        C        D        E       F      G
               +--------+--------+--------+--------+--------+-----+--------+
         Total |   2311 |   2263 |     48 |    142 |   1753 |   3 |  770.3 |
       Dungeon |   2311 |   2263 |     48 |    142 |   1753 |   3 |  770.3 |
               +--------+--------+--------+--------+--------+-----+--------+

Top non-repeatable levels by time:
     D:1: 1020 daAuts
     D:2: 718 daAuts
     D:3: 571 daAuts
